 Dungeon Crawl Stone Soup version 0.30-a0-802-gb92711bcdf (webtiles) character file.

Game seed: 10967635210564948614

10430 F1ng0rz the Slicer (level 11, -6/58 HPs)
             Began as a Vine Stalker Warper on Feb 24, 2023.
             Was a Follower of Uskayaw.
             Mangled by a two-headed ogre
             ... wielding a +0 giant club
              (24 damage)
             ... on level 11 of the Dungeon.
             The game lasted 00:35:39 (11168 turns).

F1ng0rz the Slicer (Vine Stalker Warper)           Turns: 11168, Time: 00:35:39

Health: -6/58      AC: 10    Str: 16    XL:     11   Next: 62%
Magic:  0/15       EV: 14    Int: 13    God:    Uskayaw [*.....]
Gold:   980        SH:  5    Dex: 16    Spells: 12/14 levels left

rFire   . . .      SeeInvis +    u - +3 dagger (venom)
rCold   . . .      Faith    .    C - +0 buckler
rNeg    . . .      Spirit   +    E - +2 troll leather armour
rPois   .          Reflect  .    m - +0 helmet
rElec   .          Harm     .    (no cloak)
rCorr   .          Rampage  .    p - +1 pair of gloves
Will    +....                    (no boots)
Stlth   ++++                     (no amulet)
HPRegen 1.89/turn                f - ring of see invisible
MPRegen 0.14/turn                (no ring)

@: no status effects
A: fangs 3, regeneration 1, magic shield, antimagic bite, no potion heal 2
a: Renounce Religion, Stomp


You were on level 11 of the Dungeon.
You worshipped Uskayaw.
Uskayaw was noncommittal.
You visited 2 branches of the dungeon, and saw 12 of its levels.

You collected 1088 gold pieces.
You spent 108 gold pieces at shops.

Inventory:

Hand Weapons
 u - a +3 dagger of venom (weapon)
Missiles
 d - 7 boomerangs of dispersal (quivered)
 t - 2 throwing nets
Armour
 b - a +0 leather armour
 m - a +0 helmet (worn)
 p - a +1 pair of gloves (worn)
 s - a +0 chain mail
 y - a +0 pair of boots
 C - a +0 buckler (worn)
 E - a +2 troll leather armour (worn)
Jewellery
 f - a ring of see invisible (left hand)
Wands
 c - a wand of roots (10)
 v - a wand of light (9)
 B - a wand of flame (12)
Scrolls
 e - 2 scrolls of noise
 h - 3 scrolls of teleportation
 i - a scroll of fear
 w - 6 scrolls of identify
 D - a scroll of amnesia
Potions
 a - 2 potions of lignification
 g - a potion of cancellation
 j - 2 potions of brilliance
 k - 2 potions of resistance
 l - 2 potions of curing
 n - 3 potions of heal wounds
 o - a potion of invisibility
 q - a potion of haste
 r - a potion of berserk rage
 x - 2 potions of mutation
 z - 4 potions of degeneration
 A - a potion of magic


   Skills:
 + Level 6.6 Fighting
 * Level 9.4 Short Blades
 - Level 0.8 Throwing
 + Level 5.9 Armour
 + Level 6.2 Dodging
 + Level 9.1 Stealth
 + Level 4.4 Shields
 - Level 2.1 Spellcasting
 - Level 3.0 Translocations


You had 12 spell levels left.
You knew the following spells:

 Your Spells              Type           Power      Damage    Failure   Level
a - Blink                 Tloc           18%        N/A       17%         2

Your spell library contained the following spells:

 Spells                   Type           Power      Damage    Failure   Level
 Lesser Beckoning         Tloc           18%        N/A       17%         2
 Gell's Gravitas          Tloc           9%         N/A       34%         3
 Teleport Other           Tloc           9%         N/A       34%         3
 Magic Dart               Conj           4%         1d3       36%         1
 Necrotise                Necr           4%         1d4       36%         1
 Call Imp                 Summ           1%         N/A       52%         2
 Cigotuvi's Dreadful Rot  Necr/Pois/Air  2%         N/A       52%         2
 Poisonous Vapours        Pois/Air       2%         N/A       52%         2
 Vhi's Electric Charge    Tloc/Air       10%        N/A       54%         3
 Mephitic Cloud           Conj/Pois/Air  1%         N/A       75%         3
 Stone Arrow              Conj/Erth      2%         3d7       75%         3
 Vampiric Draining        Necr           1%         2d6       75%         3
 Manifold Assault         Tloc           9%         N/A       75%         4
 Animate Armour           Summ/Erth      2%         N/A       98%         4
 Agony                    Necr           1%         N/A       100%        5
 Dispersal                Tloc           4%         N/A       100%        6
 Lehudib's Crystal Spear  Conj/Erth      0%         10d2      100%        8


Dungeon Overview and Level Annotations

Branches:
Dungeon (11/15)            Temple (1/1) D:5
   Lair: D:8-11         Orc: D:9-12

Altars:
Ashenzari
Cheibriados
Dithmenos
Elyvilon
Fedhas
Gozag
Hepliaklqana
Kikubaaqudgha
Makhleb
Nemelex Xobeh
Okawaru
Qazlal
Ru
Sif Muna
Trog
Uskayaw
Vehumet
Wu Jian
Xom
Yredelemnul
Zin
The Shining One

Shops:
D:5 !   D:6 (   D:7 (


Innate Abilities, Weirdness & Mutations

You have razor-sharp teeth.
Your natural rate of healing is unusually fast.
When hurt, damage is shared between your health and your magic reserves.
Your bite disrupts and absorbs the magic of your enemies.
Potions cannot restore your health.


Message History

You hit the two-headed ogre.
The two-headed ogre looks as sick as possible!
The two-headed ogre is moderately wounded.
The two-headed ogre completely misses you.
The two-headed ogre closely misses you.
There is an open door here.
The two-headed ogre attacks as you move away!
You block the two-headed ogre's attack. The two-headed ogre closely misses you.
You can no longer pass through a line of other dancers.
You kill the two-headed ogre!
There is an open door here.
You hit the two-headed ogre.
The two-headed ogre is poisoned.
You bite the two-headed ogre! You drain its power.
The two-headed ogre is lightly wounded.
The two-headed ogre hits you with a +0 giant club!!
You block the two-headed ogre's attack.
You hit the two-headed ogre but do no damage.
You bite the two-headed ogre, but do no damage.
The two-headed ogre is lightly wounded.
You hit the two-headed ogre. You bite the two-headed ogre! You drain its power.
You feel invigorated.
The two-headed ogre is moderately wounded.
The two-headed ogre barely misses you. x2
You can now pass through a line of other dancers.
You hit the two-headed ogre.
The two-headed ogre looks as sick as possible!
Your bite misses the two-headed ogre.
The two-headed ogre is moderately wounded.
You hit the two-headed ogre.
The two-headed ogre looks as sick as possible!
The two-headed ogre is moderately wounded.
You hit the two-headed ogre but do no damage.
The two-headed ogre is heavily wounded.
The two-headed ogre hits you with a +0 giant club!! x2
* * * LOW HITPOINT WARNING * * *
You can no longer pass through a line of other dancers.
The two-headed ogre attacks as you move away!
The two-headed ogre hits you but does no damage.
The two-headed ogre hits you with a +0 giant club!!
You die...

#.# #.# #.# ##.#
##+####### #..#
#........# #.##
#........# #####.#####
#........######..........
#......O@'......##.######
#........#########.#
#........# #.# #........#
#.# ###'###### #.# #.#
#.# #.# #.# #.# #.#
####.###### #######+##


You could see a two-headed ogre (very poisoned).

Vanquished Creatures
  4 two-headed ogres
  Pikel (D:9)
  2 trolls
  A vampire (D:11)
  A shadow (D:9)
  A wraith (D:11)
  19 yaks
  2 wyverns (D:9)
  2 water moccasins
  2 orc warriors (D:9)
  An ice beast (D:6)
  A sky beast (D:5)
  2 ogres
  2 black bears
  A lemure (D:9)
  3 centaurs
  3 phantoms
  2 kobold brigands (D:9)
  A gnoll sergeant (D:7)
  2 bullfrogs
  A scorpion (D:5)
  10 wights
  5 killer bees (D:9)
  2 howler monkeys
  8 hounds
  2 jellies
  6 orc priests
  2 gnoll boudas
  2 iguanas
  8 orc wizards
  14 gnolls
  11 adders
  2 shadow imps
  3 ufetubi
  2 worms
  2 dart slugs
  32 orcs
  6 endoplasms
  5 giant cockroaches
  6 goblins
  9 hobgoblins
  5 jackals
  13 kobolds
  6 quokkas
  14 ball pythons
  5 bats
  3 frilled lizards
  6 rats
243 creatures vanquished.

Notes
Turn   | Place    | Note
-------+----------+-------------------------------------------
     0 | D:1      | F1ng0rz the Vine Stalker Warper began the quest for the
                  | Orb.
     0 | D:1      | Reached XP level 1. HP: 11/11 MP: 4/4
   254 | D:1      | Reached XP level 2. HP: 15/15 MP: 6/6
   277 | D:1      | Reached skill level 1 in Armour
   333 | D:1      | Reached skill level 1 in Stealth
   456 | D:1      | Reached XP level 3. HP: 11/18 MP: 5/7
   929 | D:1      | Learned a level 2 spell: Blink
   960 | D:2      | Found a faded altar of an unknown god.
  1195 | D:2      | Gained mutation: Your natural rate of healing is unusually
                  | fast. [Vine Stalker growth]
  1195 | D:2      | Reached XP level 4. HP: 6/23 MP: 8/8
  1756 | D:2      | Reached XP level 5. HP: 8/27 MP: 2/9
  2101 | D:3      | Found a sacrificial altar of Ru.
  2188 | D:3      | Found a bloodstained altar of Trog.
  2652 | D:4      | Noticed an ogre
  2802 | D:4      | Identified a scroll of acquirement
  2802 | D:4      | Acquired 521 gold pieces
  2880 | D:4      | Reached XP level 6. HP: 32/32 MP: 10/10
  2992 | D:4      | Found an opulent altar of Gozag.
  3199 | D:4      | Noticed a black bear
  3212 | D:4      | Killed a black bear
  3213 | D:4      | Reached XP level 7. HP: 36/36 MP: 11/11
  3721 | D:5      | Entered Level 5 of the Dungeon
  3829 | D:5      | Found Leufagh's Distillery.
  3840 | D:5      | Bought a potion of curing for 36 gold pieces
  3840 | D:5      | Bought a potion of curing for 36 gold pieces
  3840 | D:5      | Bought a potion of lignification for 36 gold pieces
  4005 | D:5      | Reached skill level 5 in Short Blades
  4005 | D:5      | Gained mutation: You have razor-sharp teeth. [Vine Stalker
                  | growth]
  4005 | D:5      | Reached XP level 8. HP: 40/40 MP: 12/12
  4098 | D:5      | Found a staircase to the Ecumenical Temple.
  4105 | Temple   | Entered the Ecumenical Temple
  4157 | Temple   | Became a worshipper of Uskayaw the Reveller
  4253 | D:5      | Reached * piety under Uskayaw
  4448 | D:6      | Reached ** piety under Uskayaw
  4456 | D:6      | Reached *** piety under Uskayaw
  4461 | D:6      | Reached **** piety under Uskayaw
  4543 | D:6      | Reached skill level 5 in Stealth
  4665 | D:6      | Found Xyaduaf's Firing Range.
  5267 | D:7      | Reached XP level 9. HP: 44/46 MP: 5/13
  5783 | D:7      | Found Peoduw's Weapon Boutique.
  6063 | D:8      | Noticed a two-headed ogre
  6096 | D:8      | Killed a two-headed ogre
  6097 | D:8      | Reached skill level 5 in Fighting
  6097 | D:8      | Reached skill level 1 in Shields
  6701 | D:8      | Found a glowing golden altar of the Shining One.
  6820 | D:8      | Reached ***** piety under Uskayaw
  6824 | D:8      | Reached XP level 10. HP: 30/41 MP: 11/14
  6835 | D:8      | Reached ****** piety under Uskayaw
  8837 | D:9      | Reached skill level 5 in Dodging
  9047 | D:9      | Found a hazy altar of Hepliaklqana.
  9089 | D:9      | Found a basalt altar of Yredelemnul.
  9499 | D:9      | Reached skill level 5 in Armour
  9781 | D:9      | Noticed Pikel
  9816 | D:9      | Killed Pikel
 10104 | D:10     | Entered Level 10 of the Dungeon
 10191 | D:10     | Found a shadowy altar of Dithmenos.
 10191 | D:10     | Noticed a two-headed ogre
 10219 | D:10     | Killed a two-headed ogre
 10220 | D:10     | Reached XP level 11. HP: 27/56 MP: 7/15
 10658 | D:10     | Found a broken altar of Ashenzari.
 10675 | D:10     | Found an ancient bone altar of Kikubaaqudgha.
 10773 | D:10     | Noticed a two-headed ogre
 10797 | D:10     | Killed a two-headed ogre
 11130 | D:11     | Noticed a two-headed ogre
 11132 | D:11     | Noticed a two-headed ogre
 11154 | D:11     | Killed a two-headed ogre
 11168 | D:11     | Mangled by a two-headed ogre

Illustrated notes

Levels and vault maps discovered:
D:1:      nagdon_arrival_double_spiral, layout_loops_cross,
          corexii_leaking_fountain, amcnicky_mini_corridor_feature,
          amcnicky_mini_rare_corridor_liquid
D:2:      layout_loops_cross, nicolae_ecumenical_pavilion,
          minmay_three_crescents
D:3:      layout_loops_ring, mainiacjoe_overflow_cross_hatched,
          nicolae_ru_great_annihilating_truth
D:4:      layout_loops_ring, mainiacjoe_overflow_paths, grunt_decor_fettered,
          minmay_a_box_with_orc_wizards_in_it
D:5:      black_bear_nest_1, layout_basic, temple_green, serial_shops, shop
D:6:      layout_gridville, nicolae_shop_firing_range
D:7:      layout_loops_ring, serial_shops, nicolae_shop_statue_plus,
          dk_noncrumbling_3, grunt_ministairs_13
D:8:      layout_loops_corners, tso_altar
D:9:      layout_cave_pods, mainiacjoe_overflow_six_doors_small,
          worldfamousw_hep_ancestral_shrine, kennysheep_pointless_box,
          uniq_pikel
D:10:     minmay_klotski, layout_basic, jmf_multi_god_temple,
          nicolae_dithmenos_the_darkroom
D:11:     layout_roguey, david_lair_shrubbed, special_room [special_room_orc]
Temple:   nicolae_temple_god_jail

Skill      XL: |  1  2  3  4  5  6  7  8  9 10 11 |
---------------+----------------------------------+-----
Short Blades   | 2 3 4 5 6 7 8 9 |  9.4
Armour         | 1 2 3 4 5 |  5.9
Stealth        | 1 2 3 4 5 6 8 9 |  9.1
Fighting       | 2 3 4 5 6 |  6.6
Dodging        | 2 3 4 5 6 |  6.2
Shields        | 2 3 4 |  4.4
Throwing       | |  0.8
Spellcasting   | |  2.1
Translocations | |  3.0

Action                     |  1- 3 |  4- 6 |  7- 9 | 10-12 || total
---------------------------+-------+-------+-------+-------++-------
  Melee: Short sword       |   146 |   146 |       |       ||   292
         Bite              |    32 |    63 |   118 |   141 ||   354
         Punch             |     3 |       |     3 |       ||     6
         Dagger            |       |    86 |   349 |   366 ||   801
   Cast: Blink             |     1 |       |       |       ||     1
 Invoke: Stomp             |       |       |     6 |     6 ||    12
         Line Pass         |       |       |     1 |       ||     1
    Use: Scroll            |       |     9 |    11 |     2 ||    22
         Potion            |       |       |       |     3 ||     3
   Stab: Sleeping          |     2 |     1 |       |     1 ||     4
         Paralysed         |       |     1 |     5 |    13 ||    19
 Armour: Leather armour    |    47 |    18 |       |       ||    65
         Chain mail        |       |    66 |   210 |    96 ||   372
         Troll leather arm |       |       |       |    20 ||    20
  Dodge: Dodged            |    97 |    94 |   107 |   135 ||   433
  Block: Buckler           |       |       |    26 |    78 ||   104

Table legend: (Time is in decaauts)
 A = Elapsed time spent in this place.
 B = Non-inter-level travel time spent in this place.
 C = Inter-level travel time spent in this place.
 D = Time resting spent in this place.
 E = Time spent auto-exploring this place.
 F = Levels seen in this place.
 G = Mean time per level.
                   A        B        C        D        E       F      G
               +--------+--------+--------+--------+--------+-----+--------+
         Total |  10909 |  10472 |    437 |   1890 |   6438 |  12 |  909.1 |
       Dungeon |  10837 |  10428 |    409 |   1890 |   6408 |  11 |  985.2 |
        Temple |     72 |     44 |     28 |      0 |     30 |   1 |   72.0 |
               +--------+--------+--------+--------+--------+-----+--------+

Top non-repeatable levels by time:
     D:8: 2665 daAuts
     D:9: 1354 daAuts
     D:3: 980 daAuts
     D:1: 948 daAuts
     D:4: 911 daAuts
     D:2: 822 daAuts
     D:6: 812 daAuts
     D:7: 767 daAuts
    D:10: 748 daAuts
     D:5: 603 daAuts
    D:11: 222 daAuts
  Temple: 72 daAuts
